 Dungeon Crawl Stone Soup version 0.28.0-47-ge53b351184 (webtiles) character file.

Game seed: 5702320732547580716

1215 GigaChad the Slasher (level 8, -9/70 HPs)
             Began as a Minotaur Fighter on Apr 26, 2022.
             Was an Elder of Jiyva.
             Killed by divine providence
             ... invoked by an orc priest
              (13 damage)
             ... on level 6 of the Dungeon.
             The game lasted 00:16:19 (4277 turns).

GigaChad the Slasher (Minotaur Fighter)             Turns: 4277, Time: 00:16:28

Health: -9/70      AC: 24    Str: 22    XL:     8   Next: 22%
Magic:  7/7        EV:  6    Int:  8    God:    Jiyva [****..]
Gold:   123        SH:  5    Dex: 11    Spells: 5/7 levels left

rFire   + . .      SeeInvis .   k - +0 long sword (holy)
rCold   + . .      Faith    .   c - +0 buckler
rNeg    . . .      Spirit   .   n - +11 plate armour of the Falcon {+Inv rF+ rC+ Int+3}
rPois   .          Reflect  .   (helmet restricted)
rElec   .          Harm     .   (no cloak)
rCorr   +          Rampage  .   (no gloves)
Will    +++..                   (no boots)
Stlth   ..........              (no amulet)
HPRegen 1.49/turn               (no ring)
MPRegen 0.50/turn               (no ring)

@: no status effects
A: horns 2, retaliatory headbutt, camouflage 1, strong-willed 3
a: Renounce Religion, Evoke Invisibility, Oozemancy, Slimify


You were on level 6 of the Dungeon.
You worshipped Jiyva.
Jiyva was greatly pleased with you.
You visited 1 branch of the dungeon, and saw 6 of its levels.
You also visited: Sewer.

You collected 123 gold pieces.

Inventory:

Hand Weapons
 a - a +0 long sword
 k - a +0 long sword of holy wrath (weapon)
 m - a +2 short sword of draining
 o - a +0 scythe
 p - a +0 falchion
 s - a +0 falchion
Missiles
 t - 9 poisoned darts (quivered)
 u - 61 arrows
Armour
 b - a +0 scale mail
 c - a +0 buckler (worn)
 n - the +11 plate armour of the Falcon (worn) {+Inv rF+ rC+ Int+3}
   (You found it on level 3 of the Dungeon)

   Int:       It affects your intelligence (+3).
   rF:        It protects you from fire.
   rC:        It protects you from cold.
   +Inv:      It lets you turn invisible.
 q - a +2 leather armour of positive energy
 x - the +1 cloak "Enuhadgh" {Harm rC+ Will++}
   (You found it on level 6 of the Dungeon)

   rC:        It protects you from cold.
   Harm:      It increases damage dealt and taken.
   Will:      It greatly increases your willpower.
Magical Staves
 e - a staff of conjuration
 j - a staff of death
Scrolls
 f - 2 scrolls of identify {unknown}
 l - a scroll of amnesia
 v - a scroll of teleportation {unknown}
Potions
 d - a potion of might
 g - a potion of curing {unknown}
 h - a potion of degeneration {unknown}
 i - a potion of haste {unknown}
 r - a potion of magic {unknown}
 w - a potion of ambrosia {unknown}


   Skills:
 + Level 5.8 Fighting
 + Level 7.5 Long Blades
 + Level 6.9 Armour
 + Level 1.6 Dodging
 + Level 0.3 Stealth
 + Level 6.3 Shields


You had 5 spell levels left.
You knew the following spells:

 Your Spells              Type           Power      Damage    Failure   Level
a - Blink                 Tloc           0%         N/A       100%        2

Your spell library contained the following spells:

 Spells                   Type           Power      Damage    Failure   Level
 Lesser Beckoning         Tloc           0%         N/A       100%        3
 Manifold Assault         Tloc           0%         N/A       100%        5


Dungeon Overview and Level Annotations

Branches:
Dungeon (6/15)              Sewer (visited)
 Temple: D:4-7

Altars:
Dithmenos
Gozag
Makhleb
Uskayaw
Xom
Jiyva

Portals:
Abyss: D:6

Annotations:
D:6 2 transporters, Malificent's ghost, novice DsWr


Innate Abilities, Weirdness & Mutations

You have a pair of horns on your head.
You reflexively headbutt those who attack you in melee.
Your skin changes colour to match your surroundings (Stealth+).
You are extremely strong-willed. (Will+++)


Message History

An orc priest comes into view. It is wielding a +0 club.
The orc priest shouts!
The orc priest looks braver for a moment.
An orc comes into view. It is wielding a +0 dagger.
The orc priest calls down the wrath of Beogh upon you.
Beogh smites you!
An orc wizard comes into view. It is wielding a +0 dagger.
You barely miss the phantom. Your headbutt misses the phantom.
The phantom is heavily damaged.
The phantom hits you but does no damage.
You closely miss the phantom.
The phantom is heavily damaged.
An ice beast comes into view.
The phantom hits you.
The ogre hits you with a +0 giant spiked club!!
You hit the phantom but do no damage.
The phantom is heavily damaged.
The phantom closely misses you.
You barely miss the phantom. Your headbutt misses the phantom.
The phantom is heavily damaged.
You block the ogre's attack. You block the phantom's attack.
The orc priest mumbles some strange prayers to Beogh against you.
Beogh smites you!
You hit the phantom.
The phantom convulses.
You headbutt the phantom!
You destroy the phantom!
The ogre barely misses you.
The orc priest looks satisfied for a moment.
You slash the orc!
You kill the orc!
The ogre hits you but does no damage.
You barely miss the iguana. You block the orc's attack. The iguana bites you.
The ogre hits you with a +0 giant spiked club!
* * * LOW HITPOINT WARNING * * *
You barely miss the iguana. You headbutt the iguana!
The iguana is heavily wounded.
You block the orc's attack. The iguana bites you!
* * * LOW HITPOINT WARNING * * *
The orc priest mumbles some strange prayers to Beogh against you.
Beogh smites you!
You die...

##.####
.......#####.##
#.@....... #
#Ol####.#.
##.###oY#
.....ooo#
........####.#
##...........#
o.####..#####..
. #.........
##.#####.?


You could see an ice beast, an ogre, an iguana, 2 orc priests and 2 orcs.

Vanquished Creatures
  Sigmund (D:4)
  Eustachio (D:4)
  A water moccasin (D:4)
  A black bear (D:4)
  A necrophage (D:4)
  An ogre (D:5)
  2 phantoms
  3 howler monkeys
  A centaur zombie (D:3)
  3 iron imps (D:3)
  An orc wizard (D:5)
  A killer bee zombie (D:5)
  A hound skeleton (D:4)
  A howler monkey zombie (D:5)
  Robin (D:4)
  2 adders
  5 gnolls
  2 river rats (Sewer)
  A white imp (D:5)
  A dart slug (D:1)
  8 orcs
  A ball python (D:1)
  2 endoplasms
  6 giant cockroaches
  7 goblins
  8 hobgoblins
  3 jackals (D:2)
  6 kobolds
  8 quokkas
  5 bats
  A quokka skeleton (D:4)
  23 rats
109 creatures vanquished.

Vanquished Creatures (others)
  An ogre (D:5)
  A kobold brigand (Sewer)
  6 jellies
  A centaur zombie (D:5)
  An iguana (D:5)
  An adder (D:5)
  A dart slug (D:4)
  An orc (D:3)
  2 endoplasms
  2 giant cockroaches
  3 hobgoblins
  3 jackals (Sewer)
  3 kobolds
  A quokka (D:5)
  A bat (D:3)
  A frilled lizard (D:3)
29 creatures vanquished.

Grand Total: 138 creatures vanquished

Notes
Turn   | Place    | Note
-------+----------+-------------------------------------------
     0 | D:1      | GigaChad the Minotaur Fighter began the quest for the Orb.
     0 | D:1      | Reached XP level 1. HP: 19/19 MP: 0/0
   259 | D:1      | Reached XP level 2. HP: 10/27 MP: 1/1
   706 | D:1      | Reached XP level 3. HP: 32/33 MP: 2/2
   760 | D:1      | Learned a level 2 spell: Blink
  1201 | D:2      | Found a faded altar of an unknown god.
  1215 | D:2      | Reached skill level 3 in Long Blades
  1216 | D:2      | Prayed at the altar of an unknown god.
  1216 | D:2      | Became a worshipper of Jiyva Jesidduh the Shapeless
  1216 | D:2      | Reached * piety under Jiyva
  1304 | D:2      | Found a hide-covered altar of Uskayaw.
  1654 | D:3      | Found a burning altar of Makhleb.
  1666 | D:3      | Reached XP level 4. HP: 34/41 MP: 3/3
  1669 | D:3      | Reached skill level 5 in Shields
  1691 | D:3      | Reached XP level 5. HP: 47/47 MP: 4/4
  1725 | D:3      | Reached ** piety under Jiyva
  1801 | D:3      | Identified the +11 plate armour of the Falcon {+Inv rF+ rC+
                  | Int+3}
  1915 | D:3      | Reached skill level 5 in Armour
  1938 | D:3      | Found a shimmering altar of Xom.
  2143 | D:3      | Found an opulent altar of Gozag.
  2268 | D:4      | Noticed Sigmund
  2288 | D:4      | Killed Sigmund
  2289 | D:4      | Reached skill level 5 in Fighting
  2289 | D:4      | Reached skill level 4 in Long Blades
  2289 | D:4      | Reached skill level 1 in Dodging
  2289 | D:4      | Reached XP level 6. HP: 56/56 MP: 5/5
  2314 | D:4      | Reached skill level 5 in Long Blades
  2323 | D:4      | Reached XP level 7. HP: 57/61 MP: 6/6
  2325 | D:4      | Noticed Eustachio
  2336 | D:4      | Killed Eustachio
  2350 | D:4      | Reached skill level 6 in Long Blades
  2387 | D:4      | Noticed Robin
  2394 | D:4      | Killed Robin
  2446 | D:4      | Reached *** piety under Jiyva
  2660 | D:4      | Gained mutation: You are strong-willed. (Will+) [Jiyva's
                  | grace]
  2660 | D:4      | Gained mutation: You are highly strong-willed. (Will++)
                  | [Jiyva's grace]
  2660 | D:4      | Gained mutation: You are extremely strong-willed. (Will+++)
                  | [Jiyva's grace]
  2660 | D:4      | Gained mutation: Your skin changes colour to match your
                  | surroundings (Stealth+). [Jiyva's grace]
  2971 | D:5      | Entered Level 5 of the Dungeon
  3123 | D:5      | Reached skill level 7 in Long Blades
  3123 | D:5      | Reached XP level 8. HP: 45/70 MP: 7/7
  3424 | D:5      | Found a shadowy altar of Dithmenos.
  3434 | D:5      | Reached **** piety under Jiyva
  3566 | D:5      | Found a glowing drain.
  3579 | Sewer    | Entered a sewer
  3664 | Sewer    | Found a glowing silver altar of Zin.
  4130 | D:6      | Noticed an ancient zyme
  4145 | D:6      | Found a transporter.
  4146 | D:6      | Found a one-way gate to the infinite horrors of the Abyss.
  4146 | D:6      | Noticed Malificent's ghost (novice DsWr)
  4168 | D:6      | Noticed a purple ugly thing
  4205 | D:6      | Found a transporter.
  4224 | D:6      | Identified the +1 cloak "Enuhadgh" {Harm rC+ Will++}
  4277 | D:6      | Killed from afar by an orc priest

Illustrated notes

Levels and vault maps discovered:
D:1:      tarquinn_simple_flora_water_e, layout_basic, minmay_strange_pillars
D:2:      layout_loops_ring, basic_ecumenical_altar, basic_altar,
          grunt_ministairs_8
D:3:      layout_rooms, demons_altar, mainiacjoe_overflow_catwalk_spiral
D:4:      layout_basic, minmay_rat_hole, uniq_eustachio, uniq_sigmund,
          uniq_robin
D:5:      layout_basic, kennysheep_mini_moat, gup_sewer_entry_glass,
          columned_hall_lemuel, nrook_loot_triangle
D:6:      layout_loops_ring, gammafunk_ghost_abyssal_escape

Skill      XL: |  1  2  3  4  5  6  7 |
---------------+----------------------+-----
Fighting       | 4 5 |  5.8
Shields        | 4 5 6 |  6.3
Armour         | 4 5 6 |  6.9
Long Blades    | 3 4 5 7 |  7.5
Dodging        | 1 |  1.6
Stealth        | |  0.3

Action                   |  1- 3 |  4- 6 |  7- 9 || total
-------------------------+-------+-------+-------++-------
Melee: Long sword        |    95 |    68 |   150 ||   313
       Headbutt          |    15 |     8 |    27 ||    50
Invok: Oozemancy         |       |       |     1 ||     1
  Use: Scroll            |     2 |       |       ||     2
Armor: Scale mail        |    50 |     1 |       ||    51
       Plate armour      |       |    76 |   114 ||   190
Dodge: Dodged            |    54 |    36 |    39 ||   129
Block: Buckler           |    22 |    26 |    41 ||    89
